 Dungeon Crawl Stone Soup version 0.28-a0-518-g36894cfc38 (webtiles) character file.

Game seed: 3614825837717013153

44781 Ijustatesigmund the Fighter (level 14, 0/94 HPs)
             Began as a Gargoyle Fighter on Sept 22, 2021.
             Was the Champion of Okawaru.
             Killed from afar by a hell hound (14 damage)
             ... with a blast of flame
             ... on level 13 of the Dungeon on Sept 23, 2021.
             The game lasted 00:30:09 (13988 turns).

Ijustatesigmund the Fighter (Gargoyle Fighter)     Turns: 13988, Time: 00:30:10

Health: 0/94       AC: 37    Str: 24    XL:     14   Next: 30%
Magic:  23/23      EV:  9    Int: 18    God:    Okawaru [******]
Gold:   955        SH:  7    Dex: 14    Spells: 13/13 levels left

rFire   . . .      SeeInvis .   G - +8 mace "Jiawikes" {vorpal, Dex+2}
rCold   + . .      Faith    .   c - +1 buckler of the Loofah {Str+3 Int+5}
rNeg    + . .      Spirit   .   b - +4 plate armour
rPois   ∞          Reflect  .   L - +1 helmet {Int+3}
rElec   +          Harm     .   i - scarf {repulsion}
rCorr   .          Rampage  .   k - +1 pair of gloves
Will    ++...                   u - +1 pair of boots {Stlth+}
Stlth   ..........              d - amulet of regeneration
HPRegen 1.25/turn               j - ring of willpower
MPRegen 0.18/turn               l - ring of protection from cold

@: flying, studying 2 skills, repel missiles
A: sickness immunity, AC +10, big wings, negative energy resistance 1,
electricity resistance, torment resistance 1, petrification resistance
a: Renounce Religion, Heroism, Finesse, Duel


You were on level 13 of the Dungeon.
You worshipped Okawaru.
Okawaru was exalted by your worship.
You visited 2 branches of the dungeon, and saw 14 of its levels.
You also visited: Ossuary.

You collected 955 gold pieces.

Inventory:

Hand Weapons
 a - a +1 flail of flaming
 G - the +8 mace "Jiawikes" (weapon) {vorpal, Dex+2}
   (You found it on level 10 of the Dungeon)

   It inflicts extra damage upon your enemies.
   Dex:       It affects your dexterity (+2).
Missiles
 B - 2 throwing nets (quivered)
Armour
 b - a +4 plate armour (worn)
 c - the +1 buckler of the Loofah (worn) {Str+3 Int+5}
   (Okawaru gifted it to you on level 12 of the Dungeon)

   Str:       It affects your strength (+3).
   Int:       It affects your intelligence (+5).
 i - a scarf of repulsion (worn)
 k - a +1 pair of gloves (worn)
 u - a +1 pair of boots of stealth (worn)
 L - a +1 helmet of intelligence (worn)
 M - a +2 kite shield
Jewellery
 d - an amulet of regeneration (around neck)
 j - a ring of willpower (left hand)
 l - a ring of protection from cold (right hand)
 v - a ring of resist corrosion
 I - a ring of positive energy
 K - the amulet "Oriodon" {Acrobat Harm Rampage rF- Str-3}
   (You found it on level 12 of the Dungeon)

   [amulet of the acrobat]

   It increases your evasion while moving and waiting.
   Str:       It affects your strength (-3).
   rF:        It makes you vulnerable to fire.
   Harm:      It increases damage dealt and taken.
   Rampage:   It bestows one free step when moving towards enemies.
Wands
 o - a wand of digging (11)
 t - a wand of flame (62)
 D - a wand of mindburst (9)
 H - a wand of polymorph (10)
Scrolls
 e - 4 scrolls of teleportation
 f - 4 scrolls of magic mapping
 g - 3 scrolls of torment
 s - 4 scrolls of blinking
 w - 2 scrolls of amnesia
 y - 3 scrolls of fear
Potions
 h - a potion of heal wounds
 m - 2 potions of ambrosia
 n - 5 potions of flight
 p - 3 potions of attraction
 q - a potion of brilliance
 r - 2 potions of invisibility
 x - 5 potions of curing
 z - 2 potions of lignification
 A - a potion of berserk rage
 C - a potion of haste
 E - a potion of magic
 F - a potion of cancellation {unknown}
 N - a potion of mutation {unknown}
Miscellaneous
 J - a piece from Xom's chessboard (15/15)


   Skills:
 + Level 13.6 Fighting
 + Level 12.9 Maces & Flails
 - Level 12.2 Armour
 + Level 4.2 Dodging
 + Level 6.8 Shields
 + Level 12.5 Invocations


You had 13 spell levels left.
You didn't know any spells.
Your spell library contained the following spells:

 Spells                   Type           Power      Damage    Failure   Level
 Pain                     Necr           0%         1d4       91%         1
 Gell's Gravitas          Tloc           0%         N/A       99%         3
 Inner Flame              Hex/Fire       0%         N/A       99%         3
 Teleport Other           Tloc           0%         N/A       99%         3
 Cause Fear               Hex            0%         N/A       100%        4
 Petrify                  Tmut/Erth      0%         N/A       100%        4
 Agony                    Necr           0%         N/A       100%        5
 Excruciating Wounds      Necr           0%         N/A       100%        5
 Metabolic Englaciation   Hex/Ice        0%         N/A       100%        5
 Dispersal                Tloc           0%         N/A       100%        6
 Discord                  Hex            0%         N/A       100%        8
 Statue Form              Tmut/Erth      Unusable   N/A       N/A         6

Dungeon Overview and Level Annotations

Branches:
Dungeon (13/15)            Temple (1/1) D:6            Lair (0/6) D:11
    Orc (0/2) D:12         Vaults (0/5) D:13        Ossuary (visited)

Altars:
Ashenzari
Cheibriados
Dithmenos
Elyvilon
Fedhas
Gozag
Hepliaklqana
Kikubaaqudgha
Makhleb
Nemelex Xobeh
Okawaru
Qazlal
Ru
Sif Muna
Trog
Uskayaw
Vehumet
Wu Jian
Xom
Yredelemnul
Zin
The Shining One

Shops:
D:9 *


Innate Abilities, Weirdness & Mutations

You are immune to sickness and miasma.
Your stone body is resilient. (AC +10)
You are immune to poison.
Your large and strong wings let you fly.
You resist negative energy. (rN+)
You are resistant to electric shocks. (rElec)
You are resistant to unholy torment.
You are immune to petrification.


Message History

The necromancer mumbles some strange words.
The necromancer flickers and vanishes!
Deactivating autopickup; reactivate with Ctrl-A.
The hell hound bites you but does no damage.
The hell hound bites you.
The hell knight hits you but does no damage.
The hell knight mumbles some strange words.
The hell knight seems to speed up.
Your plate armour prevents you from hitting the hell hound.
The hell hound is almost dead.
The hell knight hits you but does no damage.
The hell hound breathes flames at you.
The blast of flame hits you but does no damage.
The hell hound breathes flames at you.
The blast of flame hits you but does no damage.
You barely miss the hell hound.
The hell hound is almost dead.
The hell knight hits you with a +4 halberd!
The hell hound bites you but does no damage.
The hell hound closely misses you.
You sock the hell hound!
You kill the hell hound!
Okawaru accepts your kill. You block the hell knight's attack.
You miss the hell hound.
The hell knight hits you with a +4 halberd.
The hell hound bites you but does no damage.
The hell hound closely misses you. You block the hell knight's attack.
You miss the hell hound. The hell hound barely misses you.
You block the hell hound's attack.
The hell knight gestures at you while chanting.
The bolt of fire hits you!!
* * * LOW HITPOINT WARNING * * *
Unknown command.
The hell knight points at you and mumbles some strange words.
The bolt of fire hits you!
* * * LOW HITPOINT WARNING * * *
The hell hound breathes flames at you. The blast of flame hits you!
You die...

.......####.#####.#######.......#
.......................##.......#
.......##.#............##########
.......................#########
.....#############.......).....#
.....#.).........#.............#
.....#.#########.#.............##
.....#.# ...#.#.###..........#
.....#.# #p#@#.# #.....####.#
####(#.# #h≈.#.# #.....# #.# .#<#
#h≈§#.###.....# #)# .#.#
#p≈§#......#### #)# #.#
#h#§#)........# ##)# #.#
.{#.#.....<##.###...
#.#########.#......##.....∩.
#......§§†..#......######...
.####≈≈≈§≈####......# ##.#


You could see a hell knight (fast, soul bound) and 3 hell hounds.

Vanquished Creatures
  Nessos (D:12)
  Josephine (D:11)
  Snorg (D:13)
  Harold (D:8)
  8 vault guards (D:13)
  2 hydras
  Erolcha (D:8)
  2 centaur warriors
  7 two-headed ogres
  A tengu warrior (D:12)
  The ghost of TZer0 the Cleaver, a journeyman VSFi of Ru (D:10)
  A hell knight (D:13)
  A wizard (D:12)
  Pikel (D:6)
  6 deep elf pyromancers (D:12)
  A wolf spider (D:12)
  7 cyclopes
  3 manticores
  4 spectral centaurs (D:10)
  4 gargoyles (D:12)
  Psyche (D:9)
  2 kobold demonologists (D:12)
  3 komodo dragons
  2 unseen horrors
  A freezing wraith (D:11)
  2 tengu conjurers (D:13)
  An efreet (D:11)
  3 trolls
  Prince Ribbit (D:9)
  A hornet (D:12)
  A polar bear (shapeshifter) (D:13)
  10 wraiths
  A shadow (D:8)
  2 vampires
  3 basilisks
  2 wyverns (D:11)
  18 yaks
  A basilisk (shapeshifter) (D:13)
  3 steam dragons
  14 vampire mosquitoes
  A two-headed ogre zombie (D:12)
  4 hell hounds (D:13)
  3 acid dragons (D:12)
  A hornet zombie (D:7)
  4 orc warriors
  3 sky beasts
  A swamp drake (D:11)
  2 black bears
  2 ogres
  4 centaurs
  A lemure (D:6)
  2 phantoms (D:12)
  A kobold brigand (Temple)
  2 bullfrogs
  A wyvern zombie (D:7)
  2 scorpions (D:7)
  A water moccasin zombie (D:7)
  A water moccasin skeleton (D:6)
  A troll zombie (D:12)
  6 wights
  12 centaur zombies
  6 howler monkeys
  2 hounds
  5 orc priests
  A jelly (D:7)
  A bullfrog zombie (D:6)
  A human zombie (Ossuary)
  A bullfrog skeleton (D:6)
  2 iguanas (D:5)
  8 orc wizards
  A killer bee zombie (D:7)
  8 ogre zombies
  7 mummies (Ossuary)
  4 adders
  A howler monkey skeleton (D:5)
  2 white imps (D:6)
  2 adder skeletons (D:4)
  2 adder zombies (Ossuary)
  A worm (D:3)
  A dart slug (D:2)
  42 orcs
  3 ball pythons
  3 bats
  4 endoplasms
  9 goblins
  4 hobgoblins
  6 jackals
  4 quokkas
  4 frilled lizards
  2 goblin skeletons (D:12)
  8 goblin zombies
  A hobgoblin skeleton (D:12)
  6 hobgoblin zombies
  11 kobolds
  4 kobold zombies (Ossuary)
  3 orc skeletons (D:12)
  15 orc zombies (D:12)
  4 quokka zombies (Ossuary)
  5 rats
  4 rat zombies (Ossuary)
379 creatures vanquished.

Vanquished Creatures (others)
  An unseen horror (D:12)
  An orc wizard (D:7)
2 creatures vanquished.

Grand Total: 381 creatures vanquished

Notes
Turn   | Place    | Note
-------+----------+-------------------------------------------
     0 | D:1      | Ijustatesigmund the Gargoyle Fighter began the quest for
                  | the Orb.
     0 | D:1      | Reached XP level 1. HP: 14/14 MP: 1/1
     5 | D:1      | You fall into a shaft and drop 1 floor!
   130 | D:1      | Reached XP level 2. HP: 19/19 MP: 2/2
   565 | D:1      | Found a faded altar of an unknown god.
   974 | D:1      | Reached XP level 3. HP: 23/24 MP: 3/3
  1877 | D:3      | Reached skill level 4 in Fighting
  1877 | D:3      | Reached XP level 4. HP: 29/29 MP: 4/4
  2505 | D:3      | Found a bloodstained altar of Trog.
  3249 | D:4      | Reached XP level 5. HP: 13/33 MP: 5/5
  3495 | D:4      | Identified the +0 robe of Marbles {rF+++ Int-5 Slay+2}
  3929 | D:5      | Entered Level 5 of the Dungeon
  3985 | D:5      | Noticed an ogre
  3993 | D:5      | Killed an ogre
  3994 | D:5      | Reached skill level 5 in Maces & Flails
  3994 | D:5      | Reached XP level 6. HP: 15/40 MP: 6/6
  4128 | D:5      | Identified the +0 chain mail "Wois" {rElec rF+ Int-3}
  4168 | D:5      | Reached skill level 5 in Fighting
  4343 | D:5      | Found a stormy altar of Qazlal.
  4344 | D:5      | Found a shimmering blue altar of Sif Muna.
  4475 | D:6      | Noticed an orc warrior
  4517 | D:6      | Reached XP level 7. HP: 44/44 MP: 7/7
  4837 | D:6      | Reached skill level 5 in Armour
  4871 | D:6      | Found a staircase to the Ecumenical Temple.
  4878 | Temple   | Entered the Ecumenical Temple
  5118 | Temple   | Became a worshipper of Warmaster Okawaru
  5253 | D:5      | Reached skill level 1 in Invocations
  5374 | D:6      | Reached XP level 8. HP: 42/51 MP: 9/9
  5382 | D:6      | Reached skill level 6 in Fighting
  5466 | D:6      | Noticed Pikel
  5491 | D:6      | Killed Pikel
  5491 | D:6      | Reached * piety under Okawaru
  5611 | D:6      | Found a hide-covered altar of Uskayaw.
  5862 | D:6      | Found an ancient bone altar of Kikubaaqudgha.
  5862 | D:6      | Found a hazy altar of Hepliaklqana.
  5958 | D:7      | Found a sand-covered staircase.
  5962 | Ossuary  | Entered an ossuary
  6317 | Ossuary  | Reached XP level 9. HP: 56/56 MP: 12/12
  6333 | Ossuary  | Reached skill level 7 in Fighting
  6435 | D:7      | Reached ** piety under Okawaru
  6473 | D:7      | Found a shimmering altar of Xom.
  6589 | D:7      | Found a glowing golden altar of the Shining One.
  6617 | D:7      | Identified the -5 pair of gloves of the Original Sin
                  | {rCorr}
  6755 | D:7      | Reached skill level 5 in Invocations
  7121 | D:8      | Reached *** piety under Okawaru
  7124 | D:8      | Reached skill level 8 in Fighting
  7234 | D:8      | Reached XP level 10. HP: 54/64 MP: 14/14
  7837 | D:8      | Noticed Harold
  7860 | D:8      | Killed Harold
  7860 | D:8      | Reached **** piety under Okawaru
  8157 | D:9      | Noticed Erolcha
  8198 | D:8      | Reached skill level 9 in Fighting
  8217 | D:8      | Killed Erolcha
  8218 | D:8      | Reached ***** piety under Okawaru
  8261 | D:9      | Found a basalt altar of Yredelemnul.
  8310 | D:9      | Noticed Prince Ribbit
  8313 | D:9      | Found Wowups's General Store.
  8320 | D:9      | Killed Prince Ribbit
  8443 | D:9      | Noticed a two-headed ogre
  8456 | D:9      | Killed a two-headed ogre
  8456 | D:9      | Received a gift from Okawaru
  8457 | D:9      | Reached XP level 11. HP: 53/72 MP: 15/17
  8577 | D:9      | Noticed Psyche
  8599 | D:9      | Killed Psyche
  9090 | D:10     | Entered Level 10 of the Dungeon
  9102 | D:10     | Noticed a two-headed ogre
  9117 | D:10     | Killed a two-headed ogre
  9118 | D:10     | Reached skill level 10 in Fighting
  9314 | D:10     | Found a runed translucent gate.
  9314 | D:10     | Found a runed translucent gate.
  9315 | D:10     | Found a runed translucent gate.
  9316 | D:10     | Noticed TZer0's ghost (journeyman VSFi)
  9338 | D:10     | Reached skill level 10 in Maces & Flails
  9338 | D:10     | Reached skill level 10 in Armour
  9349 | D:10     | Received a gift from Okawaru
  9374 | D:10     | Killed TZer0's ghost
  9489 | D:10     | Identified the +8 mace "Jiawikes" {vorpal, Dex+2}
 10162 | D:11     | Reached skill level 11 in Fighting
 10162 | D:11     | Reached XP level 12. HP: 80/80 MP: 19/19
 10162 | D:11     | Noticed a two-headed ogre
 10175 | D:11     | Killed a two-headed ogre
 10195 | D:11     | Found a staircase to the Lair.
 10238 | D:11     | Reached ****** piety under Okawaru
 10347 | D:11     | Identified a scroll of acquirement
 10347 | D:11     | Acquired a manual of Throwing
 10578 | D:11     | Noticed Josephine
 10590 | D:11     | Killed Josephine
 10590 | D:11     | Received a gift from Okawaru
 10591 | D:11     | Reached skill level 10 in Invocations
 11042 | D:12     | Found a staircase to the Orcish Mines.
 11231 | D:12     | Noticed a tengu warrior
 11233 | D:12     | Noticed a centaur warrior
 11257 | D:12     | Killed a tengu warrior
 11278 | D:12     | Reached skill level 12 in Fighting
 11297 | D:12     | Identified the +1 buckler of the Loofah {Str+3 Int+5}
                  | (Okawaru gifted it to you on level 12 of the Dungeon)
 11297 | D:12     | Received a gift from Okawaru
 11414 | D:12     | Noticed a six-headed hydra
 11420 | D:12     | Reached XP level 13. HP: 59/86 MP: 21/21
 11640 | D:12     | Reached skill level 1 in Dodging
 11779 | D:12     | Acquired a manual of Spellcasting
 11891 | D:12     | Identified the amulet "Oriodon" {Acrobat Harm Rampage rF-
                  | Str-3}
 11942 | D:12     | Noticed Nessos
 11974 | D:12     | Killed Nessos
 12028 | D:11     | Upgraded the game from 0.28-a0-512-g960c72b710 to
                  | 0.28-a0-518-g36894cfc38
 12159 | D:12     | Reached skill level 5 in Shields
 12560 | D:12     | Reached skill level 13 in Fighting
 12835 | D:13     | Noticed Snorg
 12852 | D:13     | Killed Snorg
 12852 | D:13     | Received a gift from Okawaru
 12966 | D:13     | Found a gate to the Vaults.
 13036 | D:13     | Gained mutation: Your large and strong wings let you fly.
                  | [Gargoyle growth]
 13036 | D:13     | Reached XP level 14. HP: 49/94 MP: 23/23
 13988 | D:13     | Killed from afar by a hell hound

Illustrated notes

Levels and vault maps discovered:
D:1:      dpeg_arrival_chambers_temple_mockup, layout_basic,
          chequers_ecumenical_altar_simple
D:2:      layout_rooms, minmay_stone_trees_medium, kennysheep_donut,
          amethyst_killhole
D:3:      layout_basic, lemuel_round_altar, serial_park_tiny_1
D:4:      layout_basic
D:5:      layout_cave_pools, minitemple
D:6:      layout_gridville, gammafunk_temple_overflow_pools,
          nicolae_uskayaw_dance_studio, temple_fountains, uniq_pikel
D:7:      layout_basic, tso_oasis_becter, lemuel_round_altar,
          nicolae_ossuary_entry_plus
D:8:      layout_basic, uniq_harold
D:9:      layout_basic, mainiacjoe_overflow_catwalk, serial_shops, shop,
          uniq_erolcha, uniq_prince_ribbit1, uniq_psyche
D:10:     layout_basic, gammafunk_ghost_necromancy
D:11:     layout_loops_ring, erik_lair_dragon, uniq_josephine
D:12:     minmay_spiral_squares, layout_basic, zombieorc2_lemuel, uniq_nessos
D:13:     layout_basic, erik_vaults_2, minmay_rotating_lava, uniq_snorg
Temple:   nicolae_temple_figure_eight

Skill      XL: |  1  2  3  4  5  6  7  8  9 10 11 12 13 14 |
---------------+-------------------------------------------+-----
Maces & Flails | 3 4 5 6 7 8 9 10 11 12 | 12.9
Fighting       | 4 5 6 8 9 11 12 13 | 13.6
Armour         | 4 5 6 8 9 10 12 | 12.2
Invocations    | 1 4 6 8 9 11 12 | 12.5
Dodging        | 3 4 |  4.2
Shields        | 6 |  6.8

Action                   |  1- 3 |  4- 6 |  7- 9 | 10-12 | 13-15 || total
-------------------------+-------+-------+-------+-------+-------++-------
Melee: Flail             |   161 |   176 |   449 |   304 |       ||  1090
       Mace              |       |       |       |   365 |   544 ||   909
Throw: Throwing net      |       |       |       |     2 |       ||     2
Invok: Heroism           |       |       |       |     5 |     5 ||    10
       Finesse           |       |       |       |     3 |     1 ||     4
Evoke: Wand              |       |       |       |     3 |     1 ||     4
  Use: Scroll            |       |    13 |     6 |     8 |     5 ||    32
       Potion            |       |     2 |       |     3 |       ||     5
Armor: Scale mail        |    37 |       |       |       |       ||    37
       Chain mail        |    41 |       |       |       |       ||    41
       Plate armour      |    14 |   101 |   301 |   512 |   366 ||  1294
Dodge: Dodged            |    69 |    48 |   125 |   149 |   160 ||   551
       Repelled          |       |       |       |     2 |     4 ||     6
Block: Buckler           |    43 |    35 |    65 |   113 |   150 ||   406

Table legend: (Time is in decaauts)
 A = Elapsed time spent in this place.
 B = Non-inter-level travel time spent in this place.
 C = Inter-level travel time spent in this place.
 D = Time resting spent in this place.
 E = Time spent auto-exploring this place.
 F = Levels seen in this place.
 G = Mean time per level.
                   A        B        C        D        E       F      G
               +--------+--------+--------+--------+--------+-----+--------+
         Total |  13816 |  13425 |    391 |    948 |   9184 |  15 |  921.1 |
       Dungeon |  12946 |  12624 |    322 |    841 |   8752 |  13 |  995.8 |
        Temple |    402 |    334 |     68 |    100 |    207 |   1 |  402.0 |
       Ossuary |    467 |    467 |      0 |      7 |    225 |   1 |  467.0 |
               +--------+--------+--------+--------+--------+-----+--------+

Top non-repeatable levels by time:
    D:12: 1597 daAuts
     D:1: 1171 daAuts
     D:8: 1144 daAuts
     D:4: 1097 daAuts
    D:13: 1087 daAuts
     D:6: 1060 daAuts
     D:3: 1016 daAuts
    D:11: 1005 daAuts
    D:10: 932 daAuts
     D:9: 874 daAuts
     D:2: 717 daAuts
     D:7: 663 daAuts
     D:5: 576 daAuts
 Ossuary: 467 daAuts
  Temple: 402 daAuts
